AoeStats
← emre_gul19

Nomad

510128144Analyzed
4v4 RM · 23h ago on Sep 29, 2026· 66m 10s· 8 players
Game mode
Random Map
Map size
231×231
Population
200
Speed
Normal
Resources
Standard
Victory
Conquest
Starting age
Dark Age
Ending age
Imperial Age
RankedLock teamsTeams togetherTeam positionsShared explorationLock speedFull tech treeHidden civsTurbo modeCheats
Victory
Defeat
🇮🇸 Malay · Iceland
1265
+12
🇵🇪 Britons · Peru
1263
+17
🇦🇺 Teutons · Australia
1226
+13
🇮🇳 Mongols · India
1142
+17
🇹🇷 Chinese · Türkiye
1317
-19
🇹🇼 Burmese · Taiwan
1131
-12
🇹🇼 Byzantines · Taiwan
1126
-12
🇹🇼 Shu · Taiwan
1096
-11
Darksun
3:33 Loom
13:36 Feudal Age
14:04 Fishing Lines
14:24 Double-Bit Axe
19:08 Castle Age
18:20 Gold Mining
19:11 Bloodlines
19:32 Scale Barding Armor
21:13 Wheelbarrow
21:51 Forging
23:30 Gillnets
25:14 Fletching
25:45 Chain Barding Armor
26:16 Bodkin Arrow
27:01 Guard Tower
28:49 Ballistics
29:45 Hand Cart
34:50 Imperial Age
33:48 Iron Casting
34:22 Town Watch
35:44 Masonry
37:07 Cavalier
38:25 Plate Barding Armor
37:44 Horse Collar
38:52 Conscription
40:46 Crenellations
42:05 Blast Furnace
42:53 Chemistry
42:49 Caravan
43:48 Hoardings
44:07 Scale Mail Armor
44:16 Elite Teutonic Knight
44:29 Pikeman
48:24 Squires
49:44 Chain Mail Armor
51:12 Bombard Tower
51:52 Halberdier
54:05 Paladin
55:20 Bow Saw
56:01 Heavy Plow
57:37 Capped Ram
65:30 Arson
Carlos_Martel12
3:52 Loom
13:09 Feudal Age
17:56 Castle Age
20:19 Wheelbarrow
19:43 Fletching
20:45 Bodkin Arrow
20:52 Padded Archer Armor
25:49 Stone Mining
28:29 Hand Cart
28:14 Gold Mining
36:41 Imperial Age
34:13 Double-Bit Axe
34:46 Bodkin Arrow
35:29 Bow Saw
35:02 Horse Collar
36:14 Gold Shaft Mining
36:13 Padded Archer Armor
37:10 Leather Archer Armor
37:59 Bracer
37:32 Crossbowman
39:25 Ring Archer Armor
40:33 Two-Man Saw
40:03 Arbalester
40:34 Pikeman
41:43 Conscription
41:48 Forging
42:58 Chemistry
43:12 Ballistics
42:33 Treadmill Crane
42:54 Halberdier
43:35 Squires
44:11 Iron Casting
43:37 Scale Mail Armor
46:05 Blast Furnace
45:02 Murder Holes
45:46 Heavy Plow
45:22 Elite Skirmisher
46:19 Chain Mail Armor
46:28 Yeomen
46:54 Town Watch
47:18 Siege Engineers
47:09 Sappers
48:15 Warwolf
49:30 Plate Mail Armor
54:58 Hoardings
55:56 Scale Barding Armor
55:59 Arson
57:51 Chain Barding Armor
58:37 Husbandry
57:59 Light Cavalry
60:36 Plate Barding Armor
GYT SALTA
4:34 Loom
13:56 Feudal Age
18:43 Castle Age
17:26 Double-Bit Axe
17:24 Horse Collar
19:06 Bow Saw
19:05 Heavy Plow
20:00 Wheelbarrow
20:24 Town Watch
26:55 Hand Cart
26:50 Town Patrol
26:48 Gold Mining
26:52 Stone Mining
30:25 Forging
30:01 Treadmill Crane
31:46 Stone Shaft Mining
31:48 Gold Shaft Mining
34:42 Imperial Age
33:28 Padded Archer Armor
33:19 Fletching
33:33 Heavy Scorpion
35:10 Leather Archer Armor
34:51 Bodkin Arrow
35:04 Siege Engineers
36:00 Chemistry
35:21 Ballistics
35:39 Capped Ram
36:56 Ring Archer Armor
36:27 Bracer
36:53 Ballistics
38:04 Crop Rotation
39:47 Iron Casting
39:06 Pikeman
42:04 Blast Furnace
40:27 Halberdier
44:09 Forced Levy
44:30 Conscription
50:49 Elite Karambit Warrior
51:31 Thalassocracy
55:45 Scale Barding Armor
57:33 Man-at-Arms
58:36 Long Swordsman
59:47 Squires
59:34 Arson
59:11 Two-Handed Swordsman
findingmontoo7
LOUIS文
5:46 Loom
14:46 Feudal Age
20:12 Castle Age
21:58 Gold Mining
22:34 Stone Mining
23:20 Horse Collar
23:35 Fletching
28:23 Fishing Lines
30:39 Horse Collar
32:56 Husbandry
33:07 Bloodlines
33:40 Gold Shaft Mining
34:03 Scale Barding Armor
35:57 Chain Barding Armor
35:49 Forging
35:39 Gillnets
39:25 Imperial Age
37:31 Wheelbarrow
38:59 Iron Casting
38:20 Bodkin Arrow
39:29 Elite Skirmisher
40:40 Conscription
40:22 Howdah
41:17 Hand Cart
41:41 Elite Battle Elephant
45:10 Plate Barding Armor
45:36 Blast Furnace
56:49 Light Cavalry
57:52 Town Watch
58:14 Hussar
63:24 Manipur Cavalry
:D:D:D:D
3:12 Loom
13:40 Feudal Age
18:47 Double-Bit Axe
20:38 Stone Mining
20:41 Gold Mining
21:01 Fishing Lines
25:02 Castle Age
22:46 Horse Collar
26:44 Wheelbarrow
26:20 Bow Saw
26:11 Heavy Plow
26:10 Gillnets
33:04 Hand Cart
37:27 Imperial Age
34:58 Padded Archer Armor
34:49 Fletching
35:40 Scale Mail Armor
35:51 Forging
35:46 Coiled Serpent Array
38:13 Chain Mail Armor
37:54 Bodkin Arrow
39:06 Conscription
38:47 Bolt Magazine
39:38 Bracer
41:11 Plate Mail Armor
42:26 Hoardings
42:29 Leather Archer Armor
44:14 Elite White Feather Guard
46:59 Two-Man Saw
45:29 Elite White Feather Guard
49:20 Chemistry
48:40 Ballistics
48:26 Siege Engineers
48:56 Thumb Ring
48:11 Crossbowman
49:24 Ring Archer Armor
48:21 Onager
49:46 Arbalester
50:25 Elite Skirmisher
61:01 Pikeman
61:42 Squires
64:05 Gambesons
emre_gul19
4:35 Loom
15:15 Feudal Age
16:38 Wheelbarrow
15:49 Double-Bit Axe
16:05 Fishing Lines
16:21 Gold Mining
16:19 Town Watch
20:06 Stone Mining
24:40 Castle Age
23:35 Horse Collar
24:28 Forging
24:25 Scale Barding Armor
25:18 Gillnets
25:48 Hand Cart
26:09 Bow Saw
27:14 Gold Shaft Mining
26:45 Heavy Plow
34:14 Imperial Age
31:43 Fletching
31:54 Padded Archer Armor
32:35 Bloodlines
33:27 Stone Shaft Mining
32:53 Bodkin Arrow
33:18 Husbandry
34:55 Chain Barding Armor
35:11 Iron Casting
35:03 Town Patrol
36:19 Two-Man Saw
37:43 Conscription
36:47 Cavalier
39:23 Chemistry
38:44 Ballistics
40:36 Bracer
40:52 Leather Archer Armor
41:13 Plate Barding Armor
42:13 Conscription
42:14 Light Cavalry
44:00 Blast Furnace
43:30 Ring Archer Armor
43:47 Elite Chu Ko Nu
小佑
11:26 Loom
13:31 Feudal Age
13:44 Man-at-Arms
14:25 Horse Collar
18:29 Arson
22:58 Wheelbarrow
22:17 Double-Bit Axe
23:34 Forging
24:54 Scale Mail Armor
30:58 Castle Age
30:23 Gold Mining
30:25 Stone Mining
31:46 Heavy Plow
31:55 Squires
31:42 Gambesons
32:26 Bow Saw
32:57 Gold Shaft Mining
38:32 Imperial Age
37:51 Hand Cart
38:27 Husbandry
40:05 Iron Casting
39:59 Scale Barding Armor
41:08 Conscription
40:30 Heavy Camel Rider
46:15 Cavalier
47:18 Chain Barding Armor
47:54 Paladin
56:46 Two-Man Saw
Connection lost

Rejoining the realm…

Still unreachable

The connection could not be restored.

Session expired

The server has moved on; the page needs a fresh start.